 Dungeon Crawl Stone Soup version 0.30.1-9-gdf580d7c3d (webtiles) character file.

Game seed: 784436740102874602

385931 growler the Slayer (level 22, -10/130 HPs)
             Began as a Tengu Air Elementalist on Oct 12, 2023.
             Was the Champion of Hepliaklqana.
             Mangled by a rockslime (24 damage)
             ... on level 5 of the Pits of Slime on Oct 14, 2023.
             The game lasted 04:40:51 (77336 turns).

growler the Slayer (Tengu Air Elementalist)        Turns: 77336, Time: 04:40:51

Health: -10/130    AC: 11    Str: 10    XL:     22   Next: 99%
Magic:  9/46       EV: 42    Int: 26    God:    Hepliaklqana [******]
Gold:   5166       SH:  2    Dex: 14    Spells: 4/41 levels left

rFire   . . .        t - +9 quick blade (vamp)
rCold   . . .        (no shield)
rNeg    . . .        j - +2 robe {Archmagi}
rPois   .            f - +2 hat {SInv}
rElec   +            h - scarf of the End {rC+ rF+, rElec}
rCorr   +            d - +2 pair of gloves
SInv    +            (boots unavailable)
Will    ++...        Y - amulet "Dufirut" {Acrobat Fragile rElec Will+ Slay+3}
Stlth   ++           z - ring of the Octopus King {HP+2 MP+9 AC+2 EV+2 SH+2}
HPRegen 0.41/turn    T - ring "Plog" {+Blink rElec rF- rC- rCorr}
MPRegen 0.30/turn

%: acrobat, archmagi
@: sluggish, acrobatic, flying quickly and evasively, hasted, unable to drink,
quick
A: reduced essence, beak, talons 3, nimble flight, frail 1, inability to drink
after injury 1
}: 2/15 runes: serpentine, barnacled
a: Renounce Religion, Evoke Blink, Recall Ancestor, Ancestor Identity,
Transference, Idealise


You were on level 5 of the Pits of Slime.
You worshipped Hepliaklqana.
Hepliaklqana was exalted by your worship.
You visited 9 branches of the dungeon, and saw 43 of its levels.
You visited the Abyss 1 time.
You also visited: Trove and Bailey.

You collected 7103 gold pieces.
You spent 1937 gold pieces at shops.

Inventory:

Hand Weapons
 t - a +9 vampiric quick blade (weapon)
 w - a +0 rapier of draining
Missiles
 H - 6 throwing nets
Armour
 d - a +2 pair of gloves (worn)
 f - a +2 hat of see invisible (worn)
 h - the scarf of the End (worn) {rC+ rF+, rElec}
   (You found it in a treasure trove)

   rElec:     It insulates you from electricity.
 j - a +2 robe of the Archmagi (worn)
 B - a +3 buckler
Magical Staves
 q - a staff of conjuration
 N - a staff of air
Jewellery
 a - an amulet of reflection
 v - the ring "Isohag" {Dex+4 SInv}
   (You found it in a treasure trove)

   [ring of see invisible]

   Dex:       It affects your dexterity (+4).
   SInv:      It lets you see invisible.
 y - the ring of Istroit {EV+5 Dex+3}
   (You found it on level 5 of the Dungeon)

   [ring of evasion]

   EV:        It affects your evasion (+5).
   Dex:       It affects your dexterity (+3).
 z - a ring of the Octopus King (left hand) {HP+2 MP+9 AC+2 EV+2 SH+2}
   (You bought it in a shop on level 1 of the Shoals)

   [ring of magical power]

   AC:        It affects your AC (+2).
   EV:        It affects your evasion (+2).
   HP:        It affects your health (+2).
   MP:        It affects your magic capacity (+9).
   SH:        It affects your SH (+2).
 J - a ring of wizardry
 T - the ring "Plog" (right hand) {+Blink rElec rF- rC- rCorr}
   (You found it in a treasure trove)

   [ring of resist corrosion]

   rF:        It makes you vulnerable to fire.
   rC:        It makes you vulnerable to cold.
   rElec:     It insulates you from electricity.
   +Blink:    It lets you blink.
   rCorr:     It protects you from acid and corrosion.
 Y - the amulet "Dufirut" (around neck) {Acrobat Fragile rElec Will+ Slay+3}
   (You found it in a treasure trove)

   [amulet of the acrobat]

   It increases your evasion while moving and waiting.
   Slay:      It affects your accuracy & damage with ranged weapons and melee
   (+3).
   rElec:     It insulates you from electricity.
   Fragile:   It will be destroyed if unequipped.
   Will:      It increases your willpower.
 Z - the amulet "Sixtevvye" {Acrobat rElec rC+ Int+2 Dex-5}
   (You found it in a treasure trove)

   [amulet of the acrobat]

   It increases your evasion while moving and waiting.
   Int:       It affects your intelligence (+2).
   Dex:       It affects your dexterity (-5).
   rC:        It protects you from cold.
   rElec:     It insulates you from electricity.
Wands
 i - a wand of paralysis (23)
 m - a wand of digging (14)
 o - a wand of flame (95)
 G - a wand of quicksilver (14)
 M - a wand of polymorph (6)
 O - a wand of iceblast (36)
 R - a wand of mindburst (33)
Scrolls
 c - 3 scrolls of fog
 k - 5 scrolls of immolation
 n - 5 scrolls of poison
 s - 9 scrolls of vulnerability
 A - a scroll of torment
 C - 3 scrolls of silence
 E - 10 scrolls of teleportation
 F - 4 scrolls of magic mapping
 K - 3 scrolls of fear
 S - 4 scrolls of amnesia
 V - 13 scrolls of identify
 X - 5 scrolls of brand weapon
Potions
 b - 2 potions of magic
 e - 2 potions of ambrosia
 g - 6 potions of attraction
 l - 17 potions of curing
 p - 2 potions of heal wounds
 r - 2 potions of invisibility
 u - 6 potions of might
 x - 6 potions of resistance
 D - 4 potions of mutation
 I - a potion of cancellation
 L - 6 potions of haste
 P - 4 potions of berserk rage
 Q - 2 potions of lignification
 U - 2 potions of brilliance


   Skills:
 + Level 23.8 Fighting
 - Level 10.0 Short Blades
 - Level 17.7 Dodging
 - Level 2.0 Stealth
 - Level 8.0 Shields
 - Level 10.0 Spellcasting
 - Level 10.3 Conjurations
 + Level 17.1 Fire Magic
 - Level 23.0 Air Magic


You had 4 spell levels left.
You knew the following spells:

 Your Spells              Type           Power      Damage    Failure   Level
a - Shock                 Conj/Air       100%       1d9       0%          1
b - Static Discharge      Conj/Air       100%       2-7/arc   0%          2
c - Swiftness             Air            100%       N/A       0%          3
d - Airstrike             Air            57%        2d(9-25)  0%          4
e - Arcjolt               Conj/Air       49%        1d59      1%          5
f - Maxwell's Capacitive  Air            57%        ∞         2%          8
g - Starburst             Conj/Fire      45%        6d13      2%          6
h - Ignition              Fire           50%        3d14      26%         8

Your spell library contained the following spells:

 Spells                   Type           Power      Damage    Failure   Level
 Foxfire                  Conj/Fire      100%       2x1d9     0%          1
 Kiss of Death            Conj/Necr      100%       2d13      1%          1
 Magic Dart               Conj           100%       1d8       1%          1
 Poisonous Vapours        Pois/Air       100%       N/A       1%          2
 Searing Ray              Conj           100%       2d8       1%          2
 Dazzling Flash           Conj/Hex       100%       N/A       1%          3
 Ignite Poison            Fire/Tmut/Pois 59%        N/A       1%          3
 Inner Flame              Hex/Fire       72%        N/A       1%          3
 Mephitic Cloud           Conj/Pois/Air  82%        N/A       1%          3
 Vhi's Electric Charge    Tloc/Air       100%       N/A       1%          3
 Volatile Blastmotes      Fire/Tloc      100%       2d18      1%          3
 Flame Wave               Conj/Fire      91%        2d19      1%          4
 Sticky Flame             Conj/Fire      91%        2d10      1%          4
 Slow                     Hex            76%        N/A       4%          1
 Sting                    Tmut/Pois      76%        1d6       4%          1
 Fulminant Prism          Conj/Hex       28%        3d13      5%          4
 Iskenderun's Mystic Bla  Conj/Tloc      56%        2d12      5%          4
 Blink                    Tloc           38%        N/A       7%          2
 Lesser Beckoning         Tloc           38%        N/A       7%          2
 Sublimation of Blood     Necr           19%        N/A       7%          2
 Wereblood                Tmut           19%        N/A       7%          2
 Confusing Touch          Hex            19%        N/A       14%         3
 Gell's Gravitas          Tloc           19%        N/A       14%         3
 Ozocubu's Armour         Ice            19%        N/A       14%         3
 Spider Form              Tmut/Pois      19%        N/A       14%         3
 Teleport Other           Tloc           19%        N/A       14%         3
 Vampiric Draining        Necr           19%        2d7       14%         3
 Animate Armour           Summ/Erth      38%        N/A       41%         4
 Manifold Assault         Tloc           19%        N/A       41%         4
 Olgreb's Toxic Radiance  Pois           19%        N/A       41%         4
 Passage of Golubria      Tloc           19%        N/A       41%         4
 Petrify                  Tmut/Erth      19%        N/A       41%         4
 Freezing Cloud           Conj/Ice/Air   41%        6-21      1%          5
 Iskenderun's Battlesphe  Conj           79%        2d13      1%          5
 Silence                  Hex/Air        41%        N/A       1%          5
 Storm Form               Tmut/Air       41%        N/A       34%         7
 Orb of Destruction       Conj           39%        9d11      50%         7
 Iron Shot                Conj/Erth      28%        9d6       65%         6
 Lee's Rapid Deconstruct  Erth           9%         3d7*      77%         5
 Metabolic Englaciation   Hex/Ice        9%         N/A       77%         5
 Summon Forest            Summ/Tloc      9%         N/A       77%         5
 Yara's Violent Unravell  Hex/Tmut       9%         3d6       77%         5
 Spellforged Servitor     Conj/Summ      28%        N/A       99%         7
 Chain Lightning          Conj/Air       49%        3d66      99%         9
 Dispersal                Tloc           9%         N/A       100%        6
 Eringya's Noxious Bog    Tmut/Pois      9%         N/A       100%        6
 Statue Form              Tmut/Erth      12%        N/A       100%        6
 Enfeeble                 Hex            9%         N/A       100%        7
 Ozocubu's Refrigeration  Ice            9%         4d9       100%        7
 Summon Hydra             Summ           9%         N/A       100%        7
 Disjunction              Tloc           9%         N/A       100%        8
 Lehudib's Crystal Spear  Conj/Erth      28%        10d7      100%        8
 Polar Vortex             Ice            9%         N/A       100%        9


Dungeon Overview and Level Annotations

Branches:
Dungeon (15/15)            Temple (1/1) D:5            Lair (5/5) D:8
 Shoals (4/4) Lair:2        Snake (4/4) Lair:3        Slime (5/5) Lair:5
    Orc (2/2) D:11            Elf (3/3) Orc:2        Vaults (4/5) D:13
  Crypt (0/3) Vaults:2     Depths (0/4) D:15         Bailey (visited)

Altars:
Ashenzari
Cheibriados
Dithmenos
Elyvilon
Fedhas
Gozag
Hepliaklqana
Kikubaaqudgha
Makhleb
Nemelex Xobeh
Okawaru
Qazlal
Ru
Sif Muna
Trog
Uskayaw
Vehumet
Wu Jian
Xom
Yredelemnul
Zin
The Shining One
Jiyva

Shops:
D:5 *   D:8 (   D:10 (*   D:13 *   D:14 [   Orc:2 (:?=   Elf:1 (   Shoals:1 =
Snake:1 *   Vaults:1 [   Vaults:3 **

Annotations:
Lair:3 2 runed translucent doors, bearlyready's ghost, journeyman GnSu
Elf:2 3 runed translucent doors


Innate Abilities, Weirdness & Mutations

Your life essence is reduced to manifest your ancestor. (-10% HP)
You have a beak for a mouth.
You have claws for feet.
Your magical nature lets you fly swiftly and evasively.
You are frail. (-10% HP)
You occasionally lose the ability to drink potions when taking damage.


Message History

The slime creature closely misses you.
Casting: Arcjolt (safe; 1% risk of failure)
Confirm with . or Enter, or press ? or * to list all spells.
You feel a surge of power!
Electricity surges outward!
The slime creature is struck by an electric surge!!
You kill the slime creature!
The large slime creature is struck by an electric surge!!!
You kill the large slime creature!
The acid blob is struck by an electric surge!!!
You kill the acid blob!
The slime creature is struck by an electric surge!!!
You kill the slime creature!
The slime creature is struck by an electric surge!
The slime creature is lightly wounded.
You no longer feel sluggish.
The acid blob spits acid at you. The splash of acid hits you! You resist.
* * * LOW HITPOINT WARNING * * *
Blink to where?
Press: ? - help, Dir - move target An azure jelly comes into view.
As you read the scroll of blinking, it crumbles to dust.
Casting: Arcjolt (safe; 1% risk of failure)
Confirm with . or Enter, or press ? or * to list all spells.
You feel a surge of power!
You feel quick. The azure jelly misses you.
The azure jelly completely misses you.
The azure jelly hits you but does no damage.
The azure jelly hits you!
* * * LOW HITPOINT WARNING * * *
You cannot drink potions in your current state!
You start to feel a little slower.
A rockslime comes into view.
The rockslime quivers.
You can drink potions again.
You feel yourself speed up.
You feel sluggish. The rockslime completely misses you.
The rockslime attacks as you move away! The rockslime hits you!!
You feel threatened and lose the ability to drink potions!
You die...

...........................###
.............................####
................................#
<...............................#
................................#
.J...............................
.................................
J................................
................@J...............
J........##...##..J..............
J......## ## ###...............
.......# ##.............. .....##
###............ .....#
#............ ...## ##...........
...# #........... ...
#...........


You could see an azure jelly and a rockslime.

Vanquished Creatures
  the Royal Jelly (Slime:5)
  Mara (Vaults:2)
  Bai Suzhen (Snake:4)
  Vashnia (Snake:4)
  Saint Roka (Snake:4)
  Mlioglotl (Shoals:3)
  A quicksilver dragon (Abyss:3)
  18 acid blobs
  2 deep elf master archers (Elf:3)
  2 deep elf blademasters (Elf:3)
  A tentacled starspawn (Abyss:3)
  A sphinx (Vaults:4)
  Polyphemus (Shoals:3)
  A kraken (Shoals:1)
  3 azure jellies (Slime:5)
  A revenant (Abyss:3)
  7 rockslimes
  A nagaraja (Snake:2)
  Ilsuiw (Shoals:3)
  3 frost giants (Shoals:2)
  2 deep elf sorcerers (Elf:3)
  9 vault wardens
  2 orc warlords (Vaults:3)
  2 deep elf elementalists
  6 ironbound preservers
  10 quicksilver oozes
  3 very ugly things (Vaults:3)
  A war gargoyle (Vaults:4)
  7 ironbound thunderhulks
  9 deep elf demonologists
  4 deep elf annihilators (Elf:3)
  6 dire elephants
  5 deep elf death magi
  2 ettins
  5 merfolk impalers
  6 merfolk javelineers (Shoals:4)
  A fire dragon (Lair:5)
  A crystal guardian (Vaults:4)
  An entropy weaver (Vaults:3)
  Fannar (Lair:3)
  11 yaktaur captains
  8 great orbs of eyes
  A deep elf high priest (Elf:3)
  4 hydras
  2 vault guards
  8 centaur warriors
  A peacekeeper (Vaults:4)
  3 ice dragons
  4 salamander tyrants
  6 merfolk aquamancers
  11 ironbound frosthearts
  2 catoblepae
  14 anacondas
  2 alligator snapping turtles (Shoals:4)
  2 merfolk avatars (Shoals:2)
  4 boulder beetles
  9 death yaks
  4 satyrs
  A tengu warrior (Shoals:4)
  2 two-headed ogres
  6 dancing weapons
  7 naga warriors
  2 deep troll earth magi (Elf:1)
  11 deep elf knights
  8 shock serpents
  17 naga sharpshooters
  3 thrashing horrors (Abyss:3)
  Urug (Lair:2)
  2 skysharks (Shoals:2)
  3 salamander mystics (Snake:4)
  10 skeletal warriors
  23 deep trolls
  15 deep elf archers
  5 sea snakes
  A glowing orange brain (Slime:3)
  2 kraken simulacra
  13 lindwurms
  29 deep elf pyromancers
  11 ironbound convokers
  9 naga ritualists
  5 harpies
  An orange crystal statue (Elf:2)
  11 wizards
  A lindwurm (shapeshifter) (Vaults:3)
  9 orc knights
  23 deep elf zephyrmancers
  Pikel (D:4)
  3 necromancers
  2 starcursed masses (Abyss:3)
  39 ugly things
  7 fauns
  10 manticores
  A stone giant zombie (Vaults:2)
  16 mana vipers
  3 oklob plants (Lair:5)
  9 cyclopes
  5 shining eyes
  12 salamanders
  A moth of wrath (shapeshifter) (Elf:2)
  2 orc sorcerers
  A frost giant skeleton (Vaults:2)
  A worldbinder (Abyss:3)
  8 merfolk sirens
  3 elephants
  A sphinx skeleton (Vaults:2)
  12 vault sentinels
  8 water nymphs
  9 naga magi
  35 black mambas
  7 guardian serpents
  A black mamba (shapeshifter) (Elf:2)
  2 stone giant skeletons
  A demonic crawler (Abyss:3)
  2 smoke demons (Abyss:3)
  4 torpor snails (Lair:5)
  5 human skeletons (Vaults:2)
  A gargoyle (D:11)
  10 cane toads
  2 elf skeletons (Vaults:2)
  3 kobold demonologists
  A yaktaur zombie (Vaults:2)
  4 rime drakes
  A human zombie (Vaults:1)
  4 komodo dragons
  2 efreet
  52 yaktaurs
  3 ancient zymes (Abyss:3)
  A yaktaur skeleton (Vaults:2)
  A tengu conjurer (Shoals:4)
  22 merfolk
  4 wind drakes
  2 tengu simulacra (Vaults:2)
  3 trolls
  Grinder (D:5)
  8 hornets (Lair:5)
  A polar bear (Lair:2)
  2 raiju (Abyss:3)
  2 tyrant leeches (Lair:5)
  9 dream sheep
  10 blink frogs
  8 snapping turtles
  A human simulacrum (Vaults:2)
  A stone giant simulacrum (Vaults:1)
  A shadow (D:9)
  63 slime creatures
  Sigmund (D:4)
  4 air elementals
  2 ynoxinuls (Abyss:3)
  39 yaks
  7 water elementals
  2 wraiths
  2 wyverns
  A vampire (D:12)
  An elf zombie (Vaults:2)
  A fire elemental (Elf:2)
  5 golden eyes (Slime:3)
  A neqoxec (Abyss:3)
  3 death yak simulacra (Shoals:2)
  2 redbacks (Vaults:3)
  3 basilisks
  2 steam dragons (D:8)
  2 harpy simulacra (Shoals:2)
  A yaktaur simulacrum (Vaults:1)
  17 nagas
  6 large abominations (Abyss:3)
  3 wargs
  2 acid dragons (D:11)
  A hell hound (Snake:4)
  10 water moccasins
  A glowing shapeshifter zombie (Vaults:2)
  A sky beast (D:8)
  29 orc warriors
  4 glowing shapeshifter skeletons (Vaults:2)
  3 ice beasts
  2 satyr simulacra (Shoals:2)
  A black bear (shapeshifter) (D:15)
  4 ogres
  3 black bears
  7 centaurs
  3 boggarts (Vaults:3)
  3 small abominations (Abyss:3)
  11 wolves
  2 lemures (D:4)
  3 phantoms
  6 kobold brigands
  16 bullfrogs
  3 merfolk simulacra (Shoals:2)
  8 gnoll sergeants
  3 scorpions
  2 earth elementals
  5 faun simulacra (Shoals:2)
  3 wights (D:8)
  A hexer (Orc:2)
  18 killer bees
  2 manticore simulacra (Shoals:2)
  A snapping turtle simulacrum (Shoals:2)
  4 electric eels (Lair:2)
  3 gnoll boudas (Bailey)
  6 hounds
  A jelly (D:7)
  Crazy Yiuf (D:3)
  4 orc priests
  An iron imp (Abyss:3)
  Ijyb (D:3)
  A sleepcap (D:6)
  Jessica (D:3)
  2 cyclops simulacra (Shoals:2)
  3 iguanas
  12 orc wizards
  3 hell rats (Lair:4)
  A centaur simulacrum (Shoals:2)
  24 gnolls
  6 adders
  2 shadow imps
  4 white imps
  An ufetubus (D:5)
  5 worms
  2 dart slugs
  58 orcs
  9 ball pythons
  11 bats
  10 endoplasms
  6 giant cockroaches
  8 goblins
  5 hobgoblins
  11 jackals (D:4)
  24 kobolds
  2 quokkas
  2 frilled lizards (D:3)
  7 rats
  A starspawn tentacle (Abyss:3)
  A tentacle (Shoals:1)
1399 creatures vanquished.

Vanquished Creatures (collateral kills)
  An Executioner (Abyss:3)
  Gastronok (D:9)
  An acid blob (Slime:3)
  2 rockslimes
  4 azure jellies
  A deep elf sorcerer (Elf:3)
  2 vault wardens
  2 quicksilver oozes
  2 ironbound preservers (Vaults:1)
  2 ironbound thunderhulks (Vaults:4)
  3 deep elf demonologists (Elf:3)
  A deep elf annihilator (Elf:3)
  A dire elephant (Lair:5)
  A merfolk impaler (Shoals:3)
  A salamander tyrant (Snake:4)
  A peacekeeper (Vaults:4)
  2 great orbs of eyes
  An ironbound frostheart (Vaults:2)
  2 merfolk avatars
  A two-headed ogre (Orc:2)
  A satyr (Shoals:4)
  2 anacondas
  3 dancing weapons
  A hell hog (Abyss:3)
  5 death yaks
  2 shock serpents
  3 naga sharpshooters
  3 deep elf knights
  2 salamander mystics (Snake:4)
  A sea snake (Shoals:1)
  3 deep trolls
  A tengu zombie (Vaults:1)
  3 lindwurms
  A harpy (Shoals:2)
  2 wizards (Vaults:4)
  An ironbound convoker (Vaults:1)
  2 deep elf zephyrmancers
  A deep elf archer (Elf:3)
  2 mana vipers
  2 orc knights (Orc:2)
  A wolf spider (D:15)
  2 deep elf pyromancers (Elf:3)
  A salamander (Snake:4)
  5 fauns
  4 elephants
  10 ugly things
  2 manticores
  3 black mambas (Snake:4)
  A vault sentinel (Vaults:4)
  A naga mage (Snake:4)
  A cane toad (Lair:5)
  2 smoke demons (Abyss:3)
  A guardian serpent (Snake:4)
  An eye of devastation (Slime:3)
  A torpor snail (Lair:5)
  4 yaktaurs
  3 trolls
  A polar bear (Lair:3)
  A merfolk (Shoals:3)
  A tyrant leech (Lair:5)
  A raiju (shapeshifter) (D:14)
  2 blink frogs
  2 raiju (Abyss:3)
  A small abomination (Abyss:3)
  22 slime creatures
  4 water elementals
  8 yaks
  A basilisk (Lair:5)
  A golden eye (Slime:3)
  2 large abominations (Abyss:3)
  2 nagas
  2 wargs
  2 water moccasins
  8 orc warriors
  A sky beast (Abyss:3)
  3 wolves
  4 bullfrogs
  A gnoll sergeant (Bailey)
  2 wights (D:8)
  3 killer bees
  2 iron imps (Abyss:3)
  3 orc priests
  A gnoll bouda (Bailey)
  2 hell rats (Lair:4)
  3 orc wizards
  A gnoll (Bailey)
  14 orcs
  A kobold (D:9)
218 creatures vanquished.

Vanquished Creatures (others)
  A deep elf knight (Elf:3)
  A spriggan simulacrum (Abyss:3)
  2 deep elf zephyrmancers (Elf:3)
  A komodo dragon (Lair:2)
  49 hexers
  5 ancestors
  A starspawn tentacle (Abyss:3)
  7 tentacles (Shoals:1)
67 creatures vanquished.

Grand Total: 1684 creatures vanquished

Notes
Turn   | Place    | Note
-------+----------+-------------------------------------------
     0 | D:1      | growler the Tengu Air Elementalist began the quest for the
                  | Orb.
     0 | D:1      | Reached XP level 1. HP: 10/10 MP: 4/4
   235 | D:1      | Reached XP level 2. HP: 15/15 MP: 4/6
   238 | D:1      | Learned a level 2 spell: Static Discharge
   919 | D:2      | Reached XP level 3. HP: 19/19 MP: 1/7
   924 | D:2      | Learned a level 3 spell: Swiftness
  1546 | D:2      | You fall into a shaft and drop 1 floor!
  1597 | D:3      | Reached XP level 4. HP: 3/24 MP: 0/9
  1913 | D:3      | Identified the +6 long sword of Discord {protect, rElec
                  | rPois}
  1959 | D:3      | Reached skill level 5 in Air Magic
  2205 | D:3      | Found a broken altar of Ashenzari.
  2555 | D:3      | Noticed Ijyb
  2565 | D:3      | Killed Ijyb
  2717 | D:3      | Gained mutation: Your magical nature lets you fly swiftly
                  | and evasively. [Tengu growth]
  2717 | D:3      | Reached XP level 5. HP: 28/28 MP: 4/10
  2722 | D:3      | Learned a level 4 spell: Airstrike
  2797 | D:3      | Found a runed translucent door.
  2798 | D:3      | Noticed Crazy Yiuf
  2980 | D:3      | Noticed Jessica
  2986 | D:3      | Killed Jessica
  3139 | D:3      | Killed Crazy Yiuf
  3265 | D:4      | Found a blossoming altar of Fedhas.
  3285 | D:4      | Noticed Sigmund
  3316 | D:4      | Killed Sigmund
  3317 | D:4      | Reached skill level 5 in Conjurations
  3317 | D:4      | Reached XP level 6. HP: 21/32 MP: 1/12
  3538 | D:4      | Found a shimmering altar of Xom.
  3603 | D:4      | Found a shadowy altar of Dithmenos.
  3695 | D:4      | Reached XP level 7. HP: 36/36 MP: 7/14
  4418 | D:4      | Noticed Pikel
  4435 | D:4      | Killed Pikel
  4436 | D:4      | Reached skill level 5 in Spellcasting
  4436 | D:4      | Reached XP level 8. HP: 22/41 MP: 0/17
  4780 | D:5      | Entered Level 5 of the Dungeon
  4879 | D:5      | Found a staircase to the Ecumenical Temple.
  4885 | Temple   | Entered the Ecumenical Temple
  4927 | Temple   | Became a worshipper of Hepliaklqana the Forgotten
  4950 | D:5      | Reached skill level 1 in Fighting
  5020 | D:5      | Found Yxeclaam's General Store.
  5021 | D:5      | Noticed Grinder
  5025 | D:5      | Killed Grinder
  5139 | D:5      | Reached skill level 1 in Short Blades
  5225 | D:5      | Identified the ring of Istroit {EV+5 Dex+3}
  5490 | D:5      | Found a sparkling altar of Nemelex Xobeh.
  5623 | D:6      | Reached XP level 9. HP: 50/50 MP: 12/19
  5816 | D:6      | Reached skill level 10 in Air Magic
  6420 | D:6      | Reached * piety under Hepliaklqana
  7064 | D:7      | Reached skill level 5 in Short Blades
  7149 | D:7      | Reached skill level 5 in Fighting
  8069 | D:8      | Found a flagged portal.
  8089 | Bailey   | Entered a bailey
  8101 | Bailey   | Reached XP level 10. HP: 53/53 MP: 12/20
  8932 | D:8      | Reached ** piety under Hepliaklqana
  8943 | D:8      | Remembered your ancestor Reggie B. as a hexer
  9132 | D:8      | Found a staircase to the Lair.
  9818 | D:8      | Found a white marble altar of Elyvilon.
  9818 | D:8      | Found a radiant altar of Vehumet.
  9969 | D:8      | Found an ornate altar of the Wu Jian Council.
 10094 | D:8      | Found Opnuriydy's Weapon Boutique.
 10248 | D:9      | Reached XP level 11. HP: 40/61 MP: 3/21
 10457 | D:9      | Found a basalt altar of Yredelemnul.
 10457 | D:9      | Found an opulent altar of Gozag.
 10829 | D:9      | Reached *** piety under Hepliaklqana
 11120 | D:9      | Noticed Gastronok
 11175 | D:9      | Killed Gastronok
 11811 | D:10     | Entered Level 10 of the Dungeon
 11811 | D:10     | Found Loidazxi's General Store.
 12212 | D:10     | Found Deimyusu's Antique Weapon Shoppe.
 13180 | D:11     | Reached **** piety under Hepliaklqana
 13256 | D:11     | Found a staircase to the Orcish Mines.
 13264 | D:11     | Noticed a cyclops
 13267 | D:11     | Killed a cyclops
 13268 | D:11     | Reached skill level 10 in Short Blades
 13451 | D:11     | Found a shimmering blue altar of Sif Muna.
 14025 | D:11     | Reached XP level 12. HP: 42/69 MP: 2/22
 14346 | D:11     | Found a portal to a secret trove of treasure.
 14471 | Lair:1   | Entered Level 1 of the Lair of Beasts
 14471 | Lair:1   | You are sucked into a shaft and drop 1 floor!
 14485 | Lair:1   | Reached skill level 15 in Air Magic
 14645 | Lair:1   | Reached skill level 10 in Fighting
 16028 | Lair:2   | HP: 2/71 [elephant (10)]
 16174 | Lair:2   | Noticed an eight-headed hydra
 16196 | Lair:2   | Killed an eight-headed hydra
 16407 | Lair:2   | Noticed Urug
 16444 | Lair:2   | Killed Urug
 17298 | Lair:2   | Reached ***** piety under Hepliaklqana
 17497 | Lair:2   | Found a staircase to the Shoals.
 17866 | Lair:3   | Found a staircase to the Snake Pit.
 18137 | Lair:3   | Identified 2 scrolls of acquirement
 18137 | Lair:3   | Acquired a +6 quick blade of protection
 18145 | Lair:3   | Acquired 592 gold pieces
 18318 | Lair:3   | Noticed Fannar
 18323 | Lair:3   | Killed Fannar
 18324 | Lair:3   | Reached XP level 13. HP: 72/77 MP: 2/23
 18929 | Lair:3   | Found a large runed translucent door.
 18929 | Lair:3   | Found a large runed translucent door.
 19105 | Lair:3   | Noticed bearlyready's ghost (journeyman GnSu)
 20005 | Lair:4   | Learned a level 5 spell: Arcjolt
 21300 | Lair:5   | Entered Level 5 of the Lair of Beasts
 21837 | Lair:5   | Paralysed by a hornet for 1 turns
 22232 | Lair:5   | Reached ****** piety under Hepliaklqana
 22298 | Lair:5   | Paralysed by a hornet for 2 turns
 22434 | Lair:5   | Found a staircase to the Slime Pits.
 22434 | Lair:5   | Found a viscous altar of Jiyva.
 23072 | Lair:5   | Found a runed translucent door.
 23073 | Lair:5   | Noticed a fire dragon
 23109 | Lair:5   | Reached XP level 14. HP: 85/85 MP: 0/25
 25214 | Lair:5   | Noticed a dire elephant
 25243 | Lair:5   | Killed a dire elephant
 25717 | Orc:1    | Entered Level 1 of the Orcish Mines
 26914 | Orc:1    | Learned a level 8 spell: Maxwell's Capacitive Coupling
 26915 | Orc:2    | Entered Level 2 of the Orcish Mines
 28070 | Orc:2    | Found Citust's Jewellery Shoppe.
 28080 | Orc:2    | Found Azoso's Magic Scroll Shop.
 28463 | Orc:2    | Found a radiant altar of Vehumet.
 28659 | Orc:2    | Found a staircase to the Elven Halls.
 28750 | Orc:2    | Found Zyn Puj's Book Shoppe.
 28755 | Orc:2    | Reached skill level 15 in Fighting
 28824 | Orc:2    | Found Beumuhit's Antique Weapon Shop.
 29334 | D:12     | Identified the +3 rapier of Ijiok {drain, Drain rC++ rCorr
                  | Dex+2}
 29365 | D:12     | Reached XP level 15. HP: 92/92 MP: 22/29
 30195 | D:13     | Found Rir Beaf's Assorted Antiques.
 31361 | D:13     | Found a gate to the Vaults.
 32070 | D:14     | Reached skill level 5 in Dodging
 32801 | D:14     | Found Xaunt's Armour Shoppe.
 33111 | D:14     | Bought a +2 robe of the Archmagi for 603 gold pieces
 33341 | D:14     | Found a radiant altar of Vehumet.
 33925 | D:15     | Entered Level 15 of the Dungeon
 34259 | D:15     | Found an opulent altar of Gozag.
 34528 | D:15     | Found a hide-covered altar of Uskayaw.
 34894 | D:15     | Found a staircase to the Depths.
 35132 | D:13     | Bought a scroll of teleportation for 93 gold pieces
 35234 | Orc:2    | Bought a scroll of teleportation for 42 gold pieces
 35481 | Snake:1  | Entered Level 1 of the Snake Pit
 36282 | Snake:1  | Reached XP level 16. HP: 64/99 MP: 21/30
 36703 | Snake:1  | Found a sacrificial altar of Ru.
 36951 | Snake:1  | Found Qanarph's Assorted Antiques.
 36959 | Snake:1  | Bought a scroll of teleportation for 81 gold pieces
 36959 | Snake:1  | Bought a scroll of teleportation for 81 gold pieces
 37558 | Snake:2  | Reached skill level 1 in Shields
 37594 | Snake:2  | Noticed a nagaraja
 37599 | Snake:2  | Killed a nagaraja
 39843 | D:11     | You paid a toll of 13 scrolls of teleportation to enter a
                  | treasure trove
 39844 | Trove    | Entered a treasure trove
 39848 | Trove    | Identified the +4 chain mail of the Morning {Int+5}
 39867 | Trove    | Identified the scarf of the End {rC+ rF+, rElec}
 39878 | Trove    | Identified the +2 hat "Muedoll" {Rampage rPois rCorr Str+2}
 39885 | Trove    | Identified the ring "Isohag" {Dex+4 SInv}
 39899 | Trove    | Identified the ring "Plog" {+Blink rElec rF- rC- rCorr}
 39904 | Trove    | Identified the amulet "Dufirut" {Acrobat Fragile rElec
                  | Will+ Slay+3}
 39909 | Trove    | Identified the amulet "Sixtevvye" {Acrobat rElec rC+ Int+2
                  | Dex-5}
 40762 | Snake:3  | Found a radiant altar of Vehumet.
 41658 | Shoals:1 | Entered Level 1 of the Shoals
 42812 | Shoals:1 | Found Vidghin's Jewellery Shop.
 42821 | Shoals:1 | Bought a ring of the Octopus King {HP+2 MP+9 AC+2 EV+2
                  | SH+2} for 902 gold pieces
 42821 | Shoals:1 | Found the ring of the Octopus King {HP+2 MP+9 AC+2 EV+2
                  | SH+2}
 43132 | Shoals:1 | Noticed a kraken
 43143 | Shoals:1 | Killed a kraken
 43635 | Shoals:2 | Found a runed translucent gate.
 43635 | Shoals:2 | Found a runed translucent gate.
 43635 | Shoals:2 | Found a runed translucent gate.
 44061 | Shoals:2 | Reached skill level 5 in Shields
 44620 | Shoals:2 | Reached skill level 10 in Dodging
 45080 | Shoals:2 | Reached XP level 17. HP: 105/105 MP: 31/31
 45204 | Shoals:2 | Identified the +6 scale mail of Birdsong {*Corrode rN+++
                  | Regen+ SInv}
 45336 | Shoals:2 | Identified the staff of conjuration "Bacewaecw" {rCorr
                  | Str-3 Int+4}
 45544 | Shoals:3 | Noticed Polyphemus
 45549 | Shoals:3 | Killed Polyphemus
 46791 | Shoals:3 | Noticed Mlioglotl
 46804 | Shoals:3 | Killed Mlioglotl
 47285 | Shoals:3 | Noticed Ilsuiw
 47289 | Shoals:3 | Killed Ilsuiw
 47705 | Shoals:4 | Entered Level 4 of the Shoals
 48892 | Shoals:4 | Identified the +9 great sword of Kemuodih {speed, rCorr}
 49095 | Shoals:4 | Identified the +4 scale mail of the Meadowlark {-Tele Fly
                  | Will+}
 49198 | Shoals:4 | Identified the ring "Pithir" {Wiz rCorr Str+2}
 50466 | Shoals:4 | Reached XP level 18. HP: 79/113 MP: 26/32
 50612 | Shoals:4 | Got a barnacled rune of Zot
 51145 | Snake:3  | Learned a level 6 spell: Starburst
 51146 | Snake:4  | Entered Level 4 of the Snake Pit
 51161 | Snake:4  | Reached skill level 1 in Fire Magic
 51730 | Snake:4  | Noticed Saint Roka
 51915 | Snake:4  | Killed Saint Roka
 52176 | Snake:4  | Found an opulent altar of Gozag.
 52681 | Snake:4  | Noticed Vashnia
 52718 | Snake:4  | Killed Vashnia
 52983 | Snake:4  | Noticed Bai Suzhen
 52987 | Snake:4  | Killed Bai Suzhen
 53024 | Snake:4  | Reached skill level 5 in Fire Magic
 54623 | Snake:4  | Reached XP level 19. HP: 119/119 MP: 10/33
 54831 | Snake:4  | Reached skill level 10 in Conjurations
 55395 | Snake:4  | Got a serpentine rune of Zot
 55730 | Vaults:1 | Entered Level 1 of the Vaults
 57308 | Vaults:1 | Reached skill level 15 in Dodging
 57429 | Vaults:1 | Found Meipn's Armour Shop.
 58421 | Vaults:1 | Reached skill level 10 in Spellcasting
 58829 | Vaults:2 | Learned a level 8 spell: Ignition
 59112 | Vaults:2 | Noticed Mara
 59116 | Vaults:2 | Killed Mara
 59383 | Vaults:2 | Reached XP level 20. HP: 126/126 MP: 35/35
 60325 | Vaults:2 | Reached skill level 10 in Fire Magic
 60382 | Vaults:2 | Found a staircase to the Crypt.
 60881 | Vaults:3 | Found Basigum's General Store.
 60962 | Vaults:3 | Found Giutodd's General Store.
 61004 | Vaults:3 | Bought a scroll of blinking for 135 gold pieces
 64442 | Vaults:4 | Reached XP level 21. HP: 100/133 MP: 20/36
 66175 | Elf:1    | Entered Level 1 of the Elven Halls
 68085 | Elf:1    | Found Buer's Antique Weapon Shop.
 68649 | Elf:2    | Found a runed translucent gate.
 68649 | Elf:2    | Found a runed translucent gate.
 68650 | Elf:2    | Found a runed translucent gate.
 69389 | Elf:3    | Entered Level 3 of the Elven Halls
 70180 | Abyss:3  | Cast into level 3 of the Abyss (a deep elf sorcerer)
 70231 | Abyss:3  | Found a corrupted altar of Lugonu.
 70658 | Abyss:3  | Found a corrupted altar of Lugonu.
 70696 | Abyss:3  | Found a runed translucent door.
 70701 | Abyss:3  | Identified the +7 quarterstaff "Vuruc" {protect, Str+4
                  | Dex-5}
 70702 | Abyss:3  | Identified the amulet "Qaitel" {Reflect rC+ SH+5 SInv}
 70715 | Elf:3    | Escaped the Abyss
 70720 | Elf:3    | Reached XP level 22. HP: 46/142 MP: 26/37
 71035 | Elf:3    | Got the Quarto of Bruises
 71698 | Elf:3    | Identified the +11 long sword "growler's Death" {speed,
                  | rElec rCorr Int+2}
 71704 | Elf:3    | Identified the +1 plate armour of the Ten Curses {-Tele
                  | rElec Int+3 Slay+3}
 71707 | Elf:3    | Identified the +6 whip of Nunewn {flame, *Slow rPois rC+++
                  | Int+3}
 71842 | Elf:3    | Reached skill level 15 in Fire Magic
 71844 | Elf:3    | HP: 7/144 [deep elf master archer/arrow (18)]
 72354 | Elf:3    | Identified the amulet of Sisawi {Spirit rC+ SInv}
 72716 | Elf:3    | Identified the +5 great mace "Gram" {drain, rC+ Will+++
                  | Str+3 Int-4}
 72971 | Elf:3    | Got Sif Muna's Anthology of Shifting Fumes
 72973 | Elf:3    | Identified the staff of cold "Xael" {rElec rC+ Str+4 Int-4
                  | Dex+3}
 72977 | Elf:3    | Identified the staff of conjuration "Nepsos" {rF+ Str+2
                  | SInv}
 72982 | Elf:3    | Identified the staff of fire "Jaikke Macupn" {rF+ rC+}
 73005 | Elf:3    | Got Pakhly's Atlas of Ice and Grit
 73044 | Elf:3    | Identified the staff of fire "Ynetas" {*Corrode rPois rF+
                  | Int+3}
 73575 | Slime:1  | Entered Level 1 of the Pits of Slime
 74153 | Slime:2  | Gained mutation: You occasionally lose the ability to drink
                  | potions when taking damage. [a shining eye]
 74378 | Slime:5  | Entered Level 5 of the Pits of Slime
 75202 | Slime:5  | Noticed the Royal Jelly
 75488 | Slime:3  | Gained mutation: You are frail. (-10% HP) [a shining eye]
 76616 | Slime:5  | Killed the Royal Jelly
 77309 | Slime:5  | HP: 6/130 [azure jelly (8)]
 77336 | Slime:5  | Mangled by a rockslime

Illustrated notes

Levels and vault maps discovered:
D:1:      dpeg_arrival_oval, layout_basic
D:2:      layout_basic
D:3:      layout_basic, evilmike_ruin_ashenzari, kennysheep_boxes, uniq_ijyb,
          uniq_crazy_yiuf_cottage, uniq_jessica
D:4:      layout_cave_pods, nicolae_dithmenos_shadow_blocks,
          mainiacjoe_overflow_catwalk,
          mainiacjoe_overflow_concentric_impassable, uniq_sigmund, uniq_pikel
D:5:      layout_rooms, nemelex_dance_club_becter,
          minmay_temple_entry_purple_smoke, serial_shops, shop, uniq_grinder
D:6:      layout_rooms, cheibrodos_sewer_entry_bend, dreamdust_gnoll_farm
D:7:      layout_loops_ring, grunt_ministairs_2
D:8:      layout_loops_cross, nicolae_wu_jian_immortal_techniques,
          gammafunk_temple_overflow_statue, lair_entry_dummy, serial_shops,
          nicolae_lakefront_shop, enter_bailey_3
D:9:      layout_basic, gammafunk_temple_overflow_pools, hangedman_decor_points,
          kennysheep_crisscross, uniq_gastronok
D:10:     layout_loops_cross, serial_shops, shop, nicolae_shop_trees
D:11:     layout_basic, orc_0_dummy, trove_entry_hex_spiral,
          nicolae_sif_muna_little_library
D:12:     layout_roguey
D:13:     layout_cave_pods, david_vaults_5, serial_shops, shop
D:14:     layout_irregular_city, roderic_serpentine_path, serial_shops,
          nicolae_shop_trees, fiery_altar_vehumet
D:15:     grunt_enter_depths_hoard, layout_small_grid, gauntlet_entry_generic,
          grunt_gozag_statues, nicolae_uskayaw_murder_on_the_dancefloor
Temple:   nicolae_temple_hex_pool
Lair:1:   layout_misc_corridors, serial_bayou_shore_b
Lair:2:   layout_cave_pods, minmay_shoals_entry_hut, beast_lair_carwin_8,
          infiniplex_staircase_pool, grunt_megastairs_3, serial_bayou_shore_a,
          uniq_urug
Lair:3:   layout_long_grid, minmay_snake_entry_guardpost_small,
          ebering_ghost_disaster_area, chequers_serial_rivers_small_b,
          uniq_fannar
Lair:4:   layout_regular_city, nicolae_lair_grazing_beasts
          [nicolae_sub_lair_graze_edge, nicolae_sub_lair_graze_edge,
          nicolae_sub_lair_graze_edge, nicolae_sub_lair_graze_edge]
Lair:5:   hangedman_lair_in_review, layout_layer_cave, wormcave,
          minmay_slime_entry_oklob_open
Shoals:1: layout_shoals, nicolae_shoals_c_island
Shoals:2: argonaut_golden_fleece, layout_shoals, nicolae_shoals_beach_cooler
Shoals:3: layout_shoals, uniq_ilsuiw, uniq_mlioglotl, uniq_polyphemus
Shoals:4: shoals_end_grunt_ice, layout_shoals, kb_tengu_band
Snake:1:  layout_gridlike, serial_shops, nicolae_shop_advertising_works
          [nicolae_subvault_shop_adworks], basic_altar,
          nicolae_snake_guarding_the_ruins
Snake:2:  layout_honeycomb
Snake:3:  layout_layer_cave, basic_altar, hangedman_corner_corridor
Snake:4:  snake_pit_salamanders_mu, layout_gridlike, basic_altar,
          beargit_elvish_explorers, uniq_saint_roka, uniq_vashnia,
          uniq_bai_suzhen
Slime:1:  layout_caves
Slime:2:  layout_caves
Slime:3:  cheibrodos_slime_lost_civilization_1, layout_caves
Slime:4:  layout_caves
Slime:5
Orc:1:    layout_caves, roderic_batcave
Orc:2:    st_orc_town, layout_caves, basic_altar
Elf:1:    minmay_elf_arrival_summoners, layout_onion_city, serial_shops, shop,
          minivault_28, nicolae_elf_deep_friendship
Elf:2:    elven_hall_of_blades_hangedman_original
          [infiniplex_blade_entry_pillars], layout_geoelf_diagonals,
          minivault_16
Elf:3:    elf_hall, layout_rooms, minmay_elf_sorcery
Vaults:1: nicolae_vaults_more_shelving_1,
          nicolae_vaults_windows_and_doors_thing, nicolae_vaults_weapon_check,
          v_misc_10, nicolae_vaults_border_crossing, nicolae_vaults_trapezoid_2,
          nicolae_vaults_little_squares_2, layout_vaults_omnigrid, serial_shops,
          nicolae_shop_trees
Vaults:2: portal_desolation_entry_nicolae_slug, v_misc_29, vaults_room_grid,
          vaults_room_octagon, grunt_vaults_bifocal, nicolae_vaults_diamond_2,
          v_pattern_2, minmay_crypt_entry_skeletal_spiral,
          nicolae_vaults_little_squares_3, v_alt_pattern_4,
          nicolae_vaults_spaceships, hangedman_vaults_impose,
          nicolae_vaults_circle_grid_a, hangedman_vaults_cutoff,
          layout_vaults_maze_bifur, uniq_mara
Vaults:3: nicolae_vaults_swerve, nicolae_vaults_trapezoid_layered, v_misc_1,
          nicolae_vaults_diamond_1, nicolae_vaults_layer_cake_slice,
          nicolae_vaults_shipping_containers_1, nicolae_vaults_sightless_eye,
          ontoclasm_vaults_loading_screen, vaults_room_fancy_cross,
          ontoclasm_vaults_spin, vaults_room_door_ring,
          nicolae_vaults_offset_grid_hallway_4, v_rooms_4,
          layout_vaults_omnibox, serial_shops, nicolae_shop_crystal,
          nicolae_shop_waterfront
Vaults:4: v_alt_pattern_4, vaults_dpeg_doors, nicolae_vaults_house_3,
          nicolae_vaults_shipping_containers_4, ontoclasm_vaults_chip,
          hangedman_vaults_maws, nicolae_vaults_little_ls,
          nicolae_vaults_big_ls, layout_vaults_ring

Skill      XL: |  1  2  3  4  5  6  7  8  9 10 11 12 13 14 15 16 17 18 19 20 21 22 |
---------------+-------------------------------------------------------------------+-----
Conjurations   | 2 3 5 6 9 10 | 10.3
Air Magic      | 5 6 8 9 11 13 14 17 19 20 22 23 | 23.0
Spellcasting   | 3 4 5 6 7 9 10 | 10.0
Fighting       | 3 5 7 9 12 13 15 16 17 18 19 20 21 22 23 | 23.8
Short Blades   | 2 5 8 10 | 10.0
Dodging        | 7 10 12 14 15 17 | 17.7
Shields        | 5 8 |  8.0
Fire Magic     | 6 9 12 14 17 | 17.1
Stealth        | |  2.0

Action                     |  1- 3 |  4- 6 |  7- 9 | 10-12 | 13-15 | 16-18 | 19-21 | 22-24 || total
---------------------------+-------+-------+-------+-------+-------+-------+-------+-------++-------
  Melee: Unarmed           |     7 |       |       |       |       |       |       |       ||     7
         Peck              |     2 |       |    11 |    45 |    92 |    38 |   168 |    28 ||   384
         Long sword        |       |     1 |    42 |    66 |       |       |       |       ||   109
         Kick              |       |       |    12 |    60 |   158 |    68 |   252 |    52 ||   602
         Punch             |       |       |       |     3 |    11 |       |       |       ||    14
         Dagger            |       |       |       |    61 |       |       |       |       ||    61
         Staff             |       |       |       |     4 |    23 |    39 |   200 |    19 ||   285
         Rapier            |       |       |       |    40 |       |       |       |       ||    40
         Quick blade       |       |       |       |       |   297 |    87 |   241 |    54 ||   679
   Cast: Shock             |    73 |    85 |   125 |   287 |    19 |       |       |       ||   589
         Static Discharge  |     1 |     7 |    16 |    55 |     7 |       |       |       ||    86
         Airstrike         |       |     2 |    36 |   137 |   354 |   501 |   400 |   134 ||  1564
         Arcjolt           |       |       |       |       |    67 |    73 |   216 |    74 ||   430
         Maxwell's Capacit |       |       |       |       |    20 |    33 |    19 |    10 ||    82
         Swiftness         |       |       |       |       |     1 |       |       |     2 ||     3
         Ignition          |       |       |       |       |       |       |       |     2 ||     2
 Invoke: Recall Ancestor   |       |       |     2 |     2 |     4 |     3 |     4 |     7 ||    22
         Ancestor Life: He |       |       |       |     1 |       |       |       |       ||     1
         Ancestor Identity |       |       |       |     1 |       |       |       |       ||     1
         Transference      |       |       |       |       |       |       |       |     1 ||     1
  Evoke: Wand              |       |       |       |       |       |     2 |       |       ||     2
    Use: Potion            |     1 |       |       |     1 |     2 |     3 |       |     3 ||    10
         Scroll            |       |       |       |    23 |     9 |     4 |     5 |     7 ||    48
   Stab: Confused          |       |       |       |     2 |     2 |     1 |    15 |     6 ||    26
         Distracted        |       |       |       |     2 |     4 |       |     3 |     1 ||    10
         Sleeping          |       |       |       |       |     1 |       |       |       ||     1
         Paralysed         |       |       |       |       |     2 |     8 |    68 |     3 ||    81
 Armour: Robe              |     4 |     2 |    12 |    32 |    24 |    29 |    38 |    21 ||   162
  Dodge: Dodged            |    11 |     8 |   103 |   187 |   193 |   259 |   567 |   190 ||  1518
  Block: Other             |       |       |       |     7 |    60 |     1 |       |    10 ||    78
         Reflection        |       |       |       |       |     9 |       |       |       ||     9
         Buckler           |       |       |       |       |       |   107 |   227 |     2 ||   336
